 Dungeon Crawl Stone Soup version 0.17-a0-755-g4391640 (webtiles) character file.

831 oplop the Sneak (level 7, 0/36 HPs)
             Began as a Vine Stalker Enchanter on Apr 22, 2015.
             Slain by a centaur (5 damage)
             ... on level 6 of the Dungeon.
             The game lasted 00:13:05 (4095 turns).

oplop the Sneak (Vine Stalker Enchanter)            Turns: 4095, Time: 00:13:05

Health: 0/36       AC:  7    Str: 10    XL:     7   Next: 98%
Magic:  0/12       EV: 12    Int: 15    God:
Gold:   83         SH:  0    Dex: 17    Spells: 5 memorised, 1 level left

rFire  . . .     SeeInvis .     s - +1 short sword (speed)
rCold  . . .     Clarity  .     b - +1 robe
rNeg   . . .     SustAb   .     (no shield)
rPois  .         Gourm    .     v - +1 helmet
rElec  .         Spirit   +     (no cloak)
rCorr  .         Warding  .     (no gloves)
rMut   .         Stasis   .     i - +0 pair of boots (curse)
MR     .....                    (no amulet)
Stlth  +++.......               (no ring)
                                (no ring)

@: very slightly contaminated, hasted, very quick, not resistant to hostile
enchantments, fairly stealthy
A: fangs 2, regeneration 2, shaggy fur 1, magic shield, antimagic bite, no
device heal 3, rot immunity
a: no special abilities


You were on level 6 of the Dungeon.
You were hungry.

You visited 1 branch of the dungeon, and saw 6 of its levels.

You collected 193 gold pieces.
You spent 110 gold pieces at shops.

Inventory:

Hand weapons
 a - a +1 dagger
 s - a +1 short sword of speed (weapon)
 u - a +0 rapier
Missiles
 E - a throwing net (quivered)
Armour
 b - a +1 robe (worn)
 i - a cursed +0 pair of boots (worn)
 v - a +1 helmet (worn)
Jewellery
 q - a +4 ring of strength {unknown}
Scrolls
 e - 5 scrolls of identify
 g - 4 scrolls of teleportation
 h - 2 scrolls of fog
 l - 2 scrolls of blinking {unknown}
 n - 2 scrolls of fear {unknown}
 o - 3 scrolls of recharging {unknown}
 p - a scroll of remove curse
 r - a scroll of enchant armour {unknown}
 t - a scroll of random uselessness {unknown}
 w - a scroll of magic mapping {unknown}
 y - a scroll of amnesia {unknown}
Potions
 f - 8 potions of restore abilities {unknown}
 j - a potion of haste
 m - 2 potions of agility {unknown}
 z - a potion of ambrosia {unknown}
 A - a potion of curing {unknown}
 B - 2 potions of brilliance {unknown}
 C - a potion of mutation {unknown}
 D - a potion of berserk rage {unknown}
Books
 c - a book of Maledictions

   Spells                             Type                      Level
   a - Corona                         Hexes                        1
   b - Ensorcelled Hibernation        Hexes/Ice                    2
   c - Confuse                        Hexes                        3
   d - Tukima's Dance                 Hexes                        3
   e - Dazzling Spray                 Conjuration/Hexes            3
 G - a Young Poisoner's Handbook

   Spells                             Type                      Level
   a - Sting                          Conjuration/Poison           1
   b - Cure Poison                    Poison                       2
   c - Mephitic Cloud                 Conjuration/Poison/Air       3
   d - Olgreb's Toxic Radiance        Poison                       4
   e - Venom Bolt                     Conjuration/Poison           5
Comestibles
 d - 4 bread rations
 k - 2 beef jerkies
 x - a meat ration
 F - 2 chunks of flesh


   Skills:
 + Level 3.3 Fighting
 + Level 3.9 Short Blades
 - Level 1.5 Dodging
 + Level 5.9 Stealth
 - Level 3.2 Spellcasting
 + Level 5.4 Hexes


You had one spell level left.
You knew the following spells:

 Your Spells              Type           Power        Failure   Level  Hunger
a - Corona                Hex            ###....      1%          1    #......
b - Ensorcelled Hibernat  Hex/Ice        ##....       12%         2    ##.....
c - Confuse               Hex            ###.....     10%         3    ###....
d - Cure Poison           Pois           #.........   34%         2    ##.....
e - Tukima's Dance        Hex            ###.....     10%         3    ###....


Dungeon Overview and Level Annotations

Branches:
Dungeon (6/15)
 Temple: D:4-7

Altars:
Gozag
Nemelex Xobeh
Sif Muna
The Shining One

Shops:
D:5 ?

Annotations:
D:4 Edmund, Grinder


Innate Abilities, Weirdness & Mutations

You have extremely sharp teeth.
You heal very quickly.
You are covered in fur (AC +1).
When hurt, damage is shared between your health and your magic reserves.
Your bite disrupts and absorbs the magic of your enemies.
Potions and wands cannot restore your health.
You are immune to rotting.


Message History

Aim: a centaur (moderately wounded, chance 41%)
The centaur resists with some effort.
The centaur closely misses you. The orc hits you with a club.
* * * LOW HITPOINT WARNING * * *
You hit the centaur but do no damage. You bite the centaur.
You drain its power.
You feel invigorated.
The centaur is moderately wounded.
The centaur barely misses you.
You hit the centaur.
The centaur is moderately wounded.
You barely miss the centaur.
The centaur is moderately wounded.
The centaur misses you. The orc completely misses you.
You hit the centaur. Your bite misses the centaur.
The centaur is moderately wounded.
You hit the centaur. You bite the centaur. You drain its power.
You feel invigorated.
The centaur is heavily wounded.
The centaur hits you!
You die...

.# ##.######†
###.####........
..#.#........##.
#c#.#.##...#.##.
#...#.#.#....##.
#....(.###...##.
#...((# ##..##.
#.#####..).## ##.##.
#....@o.†..(# ##.....
#####.c(..#..###†..[..
##...## #.#..#.#.#
##.###.#..#.#.#.# #.#
#.#..#>.#..# #.#
#......###.#
#.#####...## ##.
#.##.......###.#
#.##.##..#..#..#


You could see a centaur and an orc.

Vanquished Creatures
  The ghost of namelastname112 the Chucker, an average DrHu (D:5)
  A phantom (D:5)
  The ghost of wvc the Bolt Thrower, an average MiHu (D:3)
  An ogre (D:6)
  A crimson imp (D:5)
  A centaur skeleton (D:5)
  An orc wizard (D:6)
  A quasit (D:5)
  A giant frog skeleton (D:4)
  3 worker ants
  A killer bee zombie (D:5)
  2 hound skeletons (D:5)
  Robin (D:4)
  3 gnolls (D:6)
  7 adders
  3 oozes
  2 worms
  3 giant geckos
  7 orcs
  10 bats
  2 giant cockroaches
  7 hobgoblins
  11 kobolds
  3 quokkas
  A ball python (D:2)
  2 giant newts
  26 goblins
  15 jackals
  7 rats
125 creatures vanquished.

Vanquished Creatures (others)
  A dancing weapon (D:6)
1 creature vanquished.

Grand Total: 126 creatures vanquished

Notes
Turn   | Place    | Note
--------------------------------------------------------------
     0 | D:1      | oplop, the Vine Stalker Enchanter, began the quest for the Orb.
     0 | D:1      | Reached XP level 1. HP: 9/9 MP: 4/4
    68 | D:1      | Reached skill level 1 in Short Blades
   205 | D:1      | Reached XP level 2. HP: 13/13 MP: 6/6
   642 | D:1      | Learned a level 2 spell: Ensorcelled Hibernation
   715 | D:2      | Reached XP level 3. HP: 7/16 MP: 5/8
   983 | D:2      | Found a deep blue altar of Sif Muna.
  1391 | D:2      | Reached XP level 4. HP: 21/21 MP: 9/9
  1416 | D:2      | Found a glowing golden altar of the Shining One.
  1634 | D:3      | Noticed Robin
  1727 | D:3      | Learned a level 3 spell: Confuse
  1917 | D:3      | Noticed wvc's ghost (average MiHu)
  1938 | D:3      | Killed wvc's ghost
  1938 | D:3      | Reached skill level 1 in Fighting
  1938 | D:3      | Reached skill level 4 in Stealth
  1938 | D:3      | Reached XP level 5. HP: 23/25 MP: 5/10
  2093 | D:3      | Found a sparkling altar of Nemelex Xobeh.
  2094 | D:3      | Found an opulent altar of Gozag.
  2273 | D:4      | Gained mutation: You heal very quickly. [Vine Stalker growth]
  2273 | D:4      | Reached XP level 6. HP: 30/30 MP: 11/11
  2284 | D:4      | Noticed Grinder
  2494 | D:4      | Killed Robin
  2519 | D:4      | Noticed Edmund
  2625 | D:5      | Entered Level 5 of the Dungeon
  3105 | D:5      | Reached skill level 5 in Stealth
  3105 | D:5      | Reached XP level 7. HP: 33/35 MP: 10/12
  3193 | D:5      | Found Jinachuh's Magic Scroll Shop.
  3199 | D:5      | Bought a scroll of teleportation for 33 gold pieces
  3199 | D:5      | Bought a scroll of fog for 22 gold pieces
  3199 | D:5      | Bought a scroll of remove curse for 33 gold pieces
  3199 | D:5      | Bought a scroll of identify for 22 gold pieces
  3429 | D:5      | Noticed namelastname112's ghost (average DrHu)
  3475 | D:5      | Killed namelastname112's ghost
  3475 | D:5      | Reached skill level 5 in Hexes
  3981 | D:6      | Learned a level 2 spell: Cure Poison
  4054 | D:6      | Learned a level 3 spell: Tukima's Dance
  4095 | D:6      | Slain by a centaur

Action                   |  1- 3 |  4- 6 |  7- 9 || total
-------------------------+-------+-------+-------++-------
Melee: Dagger            |   158 |   156 |       ||   314
       Short sword       |       |   117 |   104 ||   221
 Cast: Ensorcelled Hiber |     9 |     8 |     6 ||    23
       Corona            |     3 |    16 |     2 ||    21
       Confuse           |       |    12 |    10 ||    22
       Tukima's Dance    |       |       |     1 ||     1
  Use: Potion            |       |       |     1 ||     1
 Stab: Sleeping          |     5 |     5 |     8 ||    18
       Confused          |       |     3 |     5 ||     8
  Eat: Chunk             |     2 |     4 |       ||     6
       Beef jerky        |       |     2 |       ||     2
       Meat ration       |       |     1 |       ||     1
